cohdb
Replays
Latest Replays
All Replays
Popular Replays
Top Player Replays
Match Explorer
How It Works
Community
CoH3 Stats
Reddit
Sign in to upload your games and track your stats! →
Sign in with Steam
Match 45946304
Unlisted
Match 45946304
Overview
Messages
Build Orders
End
Vickers Machine Gun Team
Construct Section Command Post
Selects Air and Sea Battlegroup
Dingo Light Scout Car
Infantry Section
Infantry Section
Construct Platoon Command Post
Selects Supply Surplus
Construct Resource Cache
Construct Resource Cache
Construct Company Command Post
DebaKLeTV
Schimmelhorst
Suckobert
Rolling9Deep
DoMxNightM4rE
Decoy
0
0
Comments
sign in to comment!
No comments posted yet!